Map: Hard Lead LE

Players

EnlighteneD - Winner!

  • Race: Protoss Protoss
  • League: Diamond
  • Spawn Location: 11:00

SubN

  • Race: Zerg Zerg
  • League: Diamond
  • Spawn Location: 5:00

VOD

Have the link to the VOD?

Description

Time

  • Played on: Jan. 15, 2024, 6:10 p.m.
  • Length: 11:57
Show
View Real Time Build Order
Export as new Build Order

EnlighteneD Protoss - Winner!

Build Orders: 1 Gate Expand 

Get SALT Encoding   

  12  0:00  Probe  
  13  0:12  Probe  
  14  0:20  Pylon  
  14  0:24  Probe  
  15  0:38  Probe (Chrono Boost)  
  15  0:40  Gateway  
  16  0:50  Probe (Chrono Boost)  
  16  0:56  Assimilator  
  17  0:59  Probe (Chrono Boost)  
  18  1:04  Probe  
  19  1:17  Probe (Chrono Boost)  
  20  1:29  Probe (Chrono Boost)  
  21  1:34  Probe (Chrono Boost), Nexus  
  22  1:43  Probe  
  23  1:47  Cybernetics Core  
  23  2:05  Forge  
  23  2:11  Pylon  
  23  2:24  Warp Gate (Chrono Boost)  
  23  2:29  Probe, Stalker  
  26  2:41  Probe  
  27  2:47  Nexus  
  28  2:53  Probe (Chrono Boost)  
  28  2:55  Probe (Chrono Boost)  
  29  3:03  Probe (Chrono Boost)  
  31  3:05  Probe (Chrono Boost)  
  31  3:08  Probe (Chrono Boost), Protoss Ground Weapons Level 1 (Chrono Boost)  
  32  3:15  Probe (Chrono Boost)  
  32  3:17  Pylon  
  34  3:25  Probe x2 (Chrono Boost)  
  35  3:31  Pylon  
  35  3:32  Probe x2  
  36  3:38  Shield Battery  
  37  3:44  Probe x2  
  37  3:47  Twilight Council  
  39  3:50  Gateway  
  39  3:54  Pylon  
  39  3:57  Probe (Chrono Boost)  
  39  3:59  Probe (Chrono Boost)  
  39  4:00  Probe (Chrono Boost)  
  42  4:08  Probe (Chrono Boost)  
  42  4:09  Probe (Chrono Boost)  
  45  4:11  Gateway, Probe (Chrono Boost)  
  45  4:13  Gateway  
  45  4:15  Probe  
  45  4:16  Probe  
  45  4:20  Probe  
  45  4:21  Gateway  
  48  4:24  Charge (Chrono Boost)  
  48  4:35  Probe x3  
  51  4:43  Stalker  
  53  4:47  Probe x3  
  53  4:50  Zealot  
  58  5:00  Gateway  
  58  5:03  Protoss Ground Armor Level 1 (Chrono Boost)  
  58  5:05  Gateway x2  
  58  5:08  Gateway  
  58  5:27  Pylon  
  58  5:31  Gateway  
  58  5:33  Gateway  
  58  5:35  Gateway  
  58  5:44  Pylon  
  58  5:46  Zealot x5  
  68  5:58  Probe x2  
  68  5:59  Probe  
  68  6:04  Nexus  
  71  6:06  Zealot x6  
  71  6:07  Zealot x3  
  71  6:10  Probe x2  
  71  6:11  Probe  
  90  6:27  Zealot x4  
  90  6:28  Zealot  
  90  6:30  Zealot x2  
  96  6:39  Stalker x5  
  86  6:49  Probe x3  
  86  6:50  Pylon  
  86  6:51  Pylon  
  79  6:55  Stalker x2  
  79  6:56  Zealot x3  
  79  6:57  Zealot x2  
  79  7:01  Probe x3  
  94  7:10  Stalker  
  94  7:11  Zealot x2  
  94  7:12  Zealot x2  
  100  7:18  Probe  
  100  7:19  Probe x2  
  100  7:21  Probe  
  92  7:30  Probe  
  92  7:31  Probe x2  
  92  7:33  Probe  
  92  7:34  Zealot x5  
  92  7:35  Zealot x5  
  102  7:39  Stalker, Zealot  
  102  7:42  Probe  
  97  7:48  Assimilator  
  91  7:52  Assimilator  
  91  7:54  Assimilator  
  77  7:59  Zealot x5  
  77  8:00  Zealot x5  
  77  8:02  Stalker  
  95  8:17  Zealot  
  97  8:20  Stalker x2  
  97  8:26  Shield Battery  
  101  8:30  Pylon, Stalker x2  
  101  8:31  Zealot x3  
  101  8:32  Shield Battery, Zealot x4  
  119  8:37  Assimilator  
  119  8:39  Assimilator  
  119  8:40  Probe  
  119  8:41  Probe x3  
  123  8:44  Assimilator  
  123  8:47  Assimilator  
  123  8:51  Stalker x3  
  127  9:33  Pylon  
  127  9:37  Pylon  
  124  9:40  Pylon  
  113  9:53  Pylon  
  113  9:55  Probe  
  113  9:58  Stalker x4  
  113  9:59  Stalker x2  
  124  10:00  Pylon  
  124  10:02  Pylon x2  
  121  10:08  Pylon  
  121  10:10  Pylon  
  118  10:16  Stalker x3  
  124  10:22  Pylon, Stalker  
  124  10:23  Stalker x5  
  124  10:24  Pylon, Stalker  
  136  10:29  Pylon  
  136  10:42  Stalker x3  
  135  11:06  Stalker x2  
  135  11:07  Stalker x4  
  135  11:08  Zealot  
  135  11:09  Zealot x3  
  147  11:17  Probe  
  147  11:18  Probe x3  
  145  11:23  Photon Cannon  
  133  11:29  Probe  
  133  11:30  Probe  
  115  11:36  Stalker x6  
  115  11:37  Stalker, Zealot x2  
  115  11:38  Zealot  
Show
View Real Time Build Order
Export as new Build Order

SubN Zerg 

Build Orders: 3 Hatch before Pool 

Get SALT Encoding   

  12  0:00  Drone  
  13  0:12  Overlord  
  13  0:17  Drone  
  14  0:30  Drone x2  
  16  0:50  Hatchery  
  16  0:54  Drone  
  16  1:13  Hatchery  
  16  1:18  Drone  
  16  1:20  Drone  
  16  1:24  Drone  
  18  1:31  Extractor  
  17  1:39  Spawning Pool  
  16  1:42  Drone  
  16  1:45  Drone  
  18  1:50  Drone  
  20  2:01  Drone  
  20  2:05  Drone  
  21  2:13  Drone  
  22  2:16  Drone  
  23  2:24  Overlord  
  23  2:28  Queen  
  23  2:29  Queen  
  27  2:35  Queen  
  29  2:41  Metabolic Boost  
  29  2:43  Drone  
  30  2:48  Drone x2  
  30  2:50  Drone  
  33  2:55  Drone x2  
  35  3:00  Drone x2  
  35  3:04  Overlord  
  37  3:11  Overlord  
  37  3:14  Queen  
  37  3:16  Drone  
  40  3:20  Overlord  
  40  3:24  Drone x2  
  42  3:29  Overlord  
  42  3:31  Drone  
  42  3:32  Drone  
  44  3:39  Roach Warren  
  43  3:43  Drone  
  43  3:44  Drone  
  43  3:48  Drone x2  
  47  3:50  Evolution Chamber  
  47  3:51  Evolution Chamber, Extractor  
  47  3:52  Drone  
  47  3:53  Extractor  
  47  3:54  Extractor  
  43  4:02  Queen  
  45  4:03  Drone x3  
  45  4:05  Drone  
  45  4:07  Drone  
  45  4:08  Drone  
  51  4:10  Drone  
  51  4:12  Drone  
  51  4:14  Drone  
  54  4:18  Zergling x4  
  56  4:26  Lair  
  56  4:34  Queen  
  58  4:43  Zerg Missile Weapons Level 1  
  58  4:48  Overlord x4  
  58  4:49  Overlord  
  58  4:50  Overlord  
  58  4:58  Overlord x2  
  58  5:11  Roach x2  
  58  5:12  Roach x4  
  70  5:18  Roach  
  70  5:19  Roach x2  
  76  5:27  Spire  
  76  5:28  Drone  
  76  5:32  Glial Reconstitution  
  76  5:38  Drone x4  
  80  5:53  Drone x2  
  80  5:55  Roach x5  
  92  5:59  Zerg Ground Armor Level 1  
  92  6:04  Overlord  
  92  6:14  Roach x5  
  101  6:22  Roach x4  
  95  6:33  Roach x3  
  95  6:34  Roach x2  
  103  6:46  Roach x4  
  105  6:56  Zerg Flyer Weapons Level 1  
  105  6:59  Mutalisk  
  103  7:03  Corruptor  
  103  7:07  Drone x5  
  110  7:11  Extractor  
  110  7:12  Extractor  
  108  7:17  Roach  
  108  7:18  Roach x5  
  115  7:25  Mutalisk  
  95  7:44  Overlord  
  95  7:46  Mutalisk x2  
  97  8:02  Overseer x2  
  97  8:04  Mutalisk  
  99  8:10  Drone x15  
  114  8:14  Queen  
  116  8:25  Mutalisk  
  116  8:27  Mutalisk  
  118  8:30  Hatchery  
  118  8:32  Mutalisk  
  121  8:38  Hatchery  
  121  8:40  Spine Crawler  
  119  8:51  Mutalisk x3  
  125  8:59  Drone  
  125  9:00  Drone x3  
  127  9:17  Mutalisk  
  127  9:21  Extractor  
  127  9:22  Spore Crawler  
  127  9:26  Extractor  
  121  9:32  Roach x2  
  121  9:33  Roach x4  
  107  9:56  Drone x6  
  107  9:57  Drone x2  
  107  9:58  Queen  
  107  9:59  Drone x2  
  119  10:00  Drone  
  119  10:01  Drone x2  
  122  10:16  Roach  
  122  10:17  Roach x8  
  140  10:34  Zergling x2  
  141  10:36  Drone  
  141  10:37  Overlord x5  
  141  10:38  Overlord x2  
  141  10:40  Overseer  
  142  10:49  Overlord x2  
  142  10:55  Queen x2  
  122  11:26  Mutalisk x5  
Tags
 
Add a new tag
Caveats
  • Supply blocks, unpowered buildings, or Contaminate may cause inaccurate times.
  • Supply counts are checked every 10 seconds.